 Dungeon Crawl Stone Soup version 0.29.0-11-gd7f09526c8 (webtiles) character file.

Game seed: 2747019519594205937

153670 inmateoo the Opulent (level 17, 0/172 HPs)
             Began as a Gnoll Ice Elementalist on Sept 1, 2022.
             Was an Initiate of Gozag.
             Slain by an emperor scorpion simulacrum (10 damage)
             ... on level 3 of the Spider Nest on Sept 2, 2022.
             The game lasted 01:17:29 (40370 turns).

inmateoo the Opulent (Gnoll Ice Elementalist)      Turns: 40370, Time: 01:17:30

Health: 0/172      AC: 29    Str:  9      XL:     17   Next: 61%
Magic:  34/34      EV: 18    Int: 21 (26) God:    Gozag
Gold:   9299       SH:  7    Dex: 14      Spells: 10/42 levels left

rFire   . . .      SeeInvis .     - Unarmed
rCold   + + .      Faith    .   C - +0 buckler
rNeg    + . .      Spirit   .   (body armour currently unavailable)
rPois   ∞          Reflect  .   t - +0 helmet
rElec   +          Harm     .   w - +0 cloak {rC+}
rCorr   .          Rampage  .   (gloves currently unavailable)
Will    +....                   (boots currently unavailable)
Stlth   +++++.....              H - amulet of magic regeneration
HPRegen 0.38/turn               o - +6 ring of intelligence
MPRegen 0.64/turn               K - ring of protection from cold

@: statue-form, gold aura, studying Armour, very slow
A: slow and powerful, torment resistance 1, boosted hp, fangs 1, strong nose,
distributed training
a: End Transformation, Renounce Religion, Potion Petition, Call Merchant, Bribe
Branch


You were on level 3 of the Spider Nest.
You worshipped Gozag.
Gozag was greatly pleased with you.
You were a living statue of rough stone.
You visited 5 branches of the dungeon, and saw 27 of its levels.
You also visited: Ice Cave.

You collected 10158 gold pieces.
You spent 744 gold pieces at shops.
You paid 115 gold pieces to Gozag.

Inventory:

Hand Weapons
 O - the +9 dagger of the Apocalypse {vamp, Dex+5}
   (You found it on level 12 of the Dungeon)

   It occasionally heals its wielder for a portion of the damage dealt when it
   wounds a living foe.
   Dex:       It affects your dexterity (+5).
 T - the +8 mace of the Boiling Point {pain, rF+ Str+4}
   (You found it on level 14 of the Dungeon)

   In the hands of one skilled in necromantic magic, it inflicts extra damage on
   living creatures.
   Str:       It affects your strength (+4).
   rF:        It protects you from fire.
Missiles
 a - 3 throwing nets
 m - 50 poisoned darts (quivered)
Armour
 k - a +2 pair of boots (melded)
 p - a +0 pair of gloves (melded)
 t - a +0 helmet (worn)
 w - a +0 cloak of cold resistance (worn)
 C - a +0 buckler (worn)
 E - a +2 robe of cold resistance (melded)
Magical Staves
 D - a staff of cold
Jewellery
 o - a +6 ring of intelligence (left fist)
 u - a ring of wizardry
 H - an amulet of magic regeneration (around neck)
 K - a ring of protection from cold (right fist)
 Y - a ring of poison resistance
Wands
 x - a wand of light (13)
 y - a wand of mindburst (8)
 A - a wand of roots (14)
 F - a wand of charming (5)
 G - a wand of polymorph (15)
 M - a wand of digging (10)
 S - a wand of flame (46)
Scrolls
 e - 3 scrolls of fear
 h - 13 scrolls of teleportation
 i - 3 scrolls of amnesia
 z - 2 scrolls of blinking
 J - 4 scrolls of enchant armour
 L - 2 scrolls of enchant weapon
 P - a scroll of summoning
 R - 2 scrolls of magic mapping
 U - 2 scrolls of poison
 W - 6 scrolls of identify
 X - 2 scrolls of silence
 Z - 7 scrolls of fog
Potions
 b - 3 potions of magic
 c - 2 potions of invisibility
 d - 12 potions of curing
 f - 5 potions of lignification
 j - 4 potions of flight
 l - 5 potions of resistance
 n - a potion of mutation
 s - 7 potions of berserk rage
 v - 4 potions of heal wounds
 B - a potion of haste
 I - 2 potions of might
 N - 2 potions of brilliance
 Q - a potion of cancellation
 V - 3 potions of ambrosia
Miscellaneous
 g - a phantom mirror
 q - a condenser vane
 r - a box of beasts


   Skills:
 + Level 12.2 Fighting
 + Level 12.2 Short Blades
 + Level 12.2 Long Blades
 + Level 12.2 Axes
 + Level 12.2 Maces & Flails
 + Level 12.2 Polearms
 + Level 12.2 Staves
 + Level 12.2 Ranged Weapons
 + Level 12.2 Throwing
 + Level 12.9 Armour
 + Level 13.0 Dodging
 + Level 12.8 Stealth
 + Level 12.2 Shields
 + Level 12.2 Unarmed Combat
 + Level 13.1 Spellcasting
 + Level 10.3 Conjurations
 + Level 10.3 Hexes
 + Level 10.3 Summonings
 + Level 10.3 Necromancy
 + Level 10.3 Translocations
 + Level 10.3 Transmutations
 + Level 10.3 Fire Magic
 + Level 12.4 Ice Magic
 + Level 10.3 Air Magic
 + Level 10.3 Earth Magic
 + Level 10.3 Poison Magic
 + Level 13.2 Invocations
 + Level 12.2 Evocations


You had 10 spell levels left.
You knew the following spells:

 Your Spells              Type           Power      Damage    Failure   Level
a - Statue Form           Tmut/Erth      36%        N/A       12%         6
b - Frozen Ramparts       Ice            100%       1d16      1%          3
c - Summon Lightning Spi  Summ/Air       55%        N/A       1%          4
d - Borgnjor's Vile Clut  Necr/Erth      27%        N/A       2%          5
e - Lightning Bolt        Conj/Air       27%        1d44      2%          5
f - Ozocubu's Armour      Ice            60%        N/A       1%          3
g - Freezing Cloud        Conj/Ice/Air   28%        6-21      1%          5
h - Freeze                Ice            100%       1d11      1%          1

Your spell library contained the following spells:

 Spells                   Type           Power      Damage    Failure   Level
 Sandblast                Erth           100%       2d20      1%          1
 Slow                     Hex            100%       N/A       1%          1
 Ensorcelled Hibernation  Hex/Ice        100%       N/A       1%          2
 Passwall                 Tmut/Erth      45%        N/A       1%          2
 Static Discharge         Conj/Air       55%        3-10/arc  1%          2
 Call Canine Familiar     Summ           55%        N/A       1%          3
 Confusing Touch          Hex            55%        N/A       1%          3
 Dazzling Flash           Conj/Hex       100%       N/A       1%          3
 Ignite Poison            Fire/Tmut/Pois 55%        N/A       1%          3
 Mephitic Cloud           Conj/Pois/Air  55%        N/A       1%          3
 Portal Projectile        Hex/Tloc       100%       N/A       1%          3
 Spider Form              Tmut/Pois      55%        N/A       1%          3
 Stone Arrow              Conj/Erth      100%       3d13      1%          3
 Vampiric Draining        Necr           55%        2d9       1%          3
 Airstrike                Air            27%        2d(4-20)  1%          4
 Anguish                  Hex/Necr       27%        N/A       1%          4
 Animate Armour           Summ/Erth      100%       N/A       1%          4
 Dispel Undead            Necr           55%        3d20      1%          4
 Hailstorm                Conj/Ice       57%        3d12      1%          4
 Iskenderun's Mystic Bla  Conj/Tloc      55%        2d12      1%          4
 Leda's Liquefaction      Hex/Erth       27%        N/A       1%          4
 Sticky Flame             Conj/Fire      55%        2d7       1%          4
 Summon Ice Beast         Ice/Summ       57%        N/A       1%          4
 Alistair's Intoxication  Tmut/Pois      36%        N/A       2%          5
 Blade Hands              Tmut           27%        N/A       2%          5
 Irradiate                Conj/Tmut      27%        3d20      2%          5
 Lee's Rapid Deconstruct  Erth           27%        3d16*     2%          5
 Summon Mana Viper        Hex/Summ       55%        N/A       2%          5
 Death Channel            Necr           27%        N/A       12%         6
 Eringya's Noxious Bog    Tmut/Pois      27%        N/A       12%         6
 Iron Shot                Conj/Erth      27%        9d6       12%         6
 Starburst                Conj/Fire      27%        6d9       12%         6
 Dragon Form              Tmut           27%        N/A       56%         7
 Monstrous Menagerie      Summ           27%        N/A       56%         7
 Animate Dead             Necr           Unusable   N/A       N/A         4

Dungeon Overview and Level Annotations

Branches:
Dungeon (15/15)            Temple (1/1) D:4            Lair (5/5) D:8
 Shoals (0/4) Lair:3       Spider (4/4) Lair:3        Slime (0/5) Lair:5
    Orc (2/2) D:10            Elf (0/3) Orc:2        Vaults (0/5) D:13
 Depths (0/4) D:15          IceCv (visited)

Altars:
Ashenzari
Cheibriados
Dithmenos
Elyvilon
Fedhas
Gozag
Hepliaklqana
Kikubaaqudgha
Makhleb
Nemelex Xobeh
Okawaru
Qazlal
Ru
Sif Muna
Trog
Uskayaw
Vehumet
Wu Jian
Xom
Yredelemnul
Zin
The Shining One
Lugonu

Shops:
D:14 !   Orc:2 (*=*

Portals:
Abyss: Lair:5
Pandemonium: Orc:2

Annotations:
D:3 3 runed translucent doors, Camille's ghost, amateur BaIE; Dominolapin's ghost, amateur DjVM; Galthrax's ghost, amateur KoHu; ILmort's ghost, amateur TrMo; Regnix's ghost, amateur DECj
D:4 3 runed translucent doors, qborf's ghost, amateur MeHW
D:7 2 transporters, TrebMcFLY's ghost, novice FoFi


Innate Abilities, Weirdness & Mutations

You are a living statue of rough stone.
Your actions are slow, but your melee attacks are powerful.
You are resistant to unholy torment.
Your maximum health is greatly increased.
You are immune to poison.
Your equipment is partially melded.
You have very sharp teeth.
Your uncanny sense of smell can sniff out nearby items.
Your experience applies equally to all skills.


Message History

You pummel the emperor scorpion!!
You kill the emperor scorpion!
A freezing mist starts to gather...
An emperor scorpion simulacrum comes into view.
You feel your dexterity returning.
The emperor scorpion simulacrum hits you!
* * * LOW HITPOINT WARNING * * *
The emperor scorpion simulacrum freezes you!
You resist.
* * * LOW HITPOINT WARNING * * *
The emperor scorpion simulacrum claws you but does no damage.
You block the emperor scorpion simulacrum's attack.
There is a stone staircase leading down here.
You hit the emperor scorpion simulacrum but do no damage.
The emperor scorpion simulacrum hits you.
* * * LOW HITPOINT WARNING * * *
The emperor scorpion simulacrum freezes you.
You resist.
* * * LOW HITPOINT WARNING * * *
The emperor scorpion simulacrum claws you but does no damage.
The emperor scorpion simulacrum completely misses you.
You feel much better.
The emperor scorpion simulacrum barely misses you.
You block the emperor scorpion simulacrum's attack.
The emperor scorpion simulacrum claws you but does no damage.
The emperor scorpion simulacrum misses you.
The emperor scorpion simulacrum claws you but does no damage. x2
You completely miss the emperor scorpion simulacrum.
You bite the emperor scorpion simulacrum, but do no damage.
The emperor scorpion simulacrum hits you!
* * * LOW HITPOINT WARNING * * *
The emperor scorpion simulacrum freezes you!
You resist.
* * * LOW HITPOINT WARNING * * *
The emperor scorpion simulacrum claws you.
* * * LOW HITPOINT WARNING * * *
The emperor scorpion simulacrum freezes you!
You resist.
You die...
Your body crumbles into a pile of gold.

##.#...#..##^#.### ###..^
#....#.#....#...^## #.^^#.
##..#...##....^...###
##.).##
#####.#..#.#^###..^###...##.
##..#^.### #.....#..####
##..#.# ####.#..## # ##...##
#####.#..## #
##.#...###..###.#..# #
###....#88Z......#..## #
#...#.^#.$..#......#######
#..(#############.###.....
#.#...........^...........
#..#^##^...#.###...[^...^#
#...##################.###
#..^##^#.#..^..#..####.###
#..##........^#.........#.
#.^####..........#^.#.#.#.


You could see an emperor scorpion simulacrum (ally target) and a friendly
lightning spire (summoned).

Vanquished Creatures
  2 emperor scorpions (Spider:3)
  5 ghost moths
  A deep elf sorcerer (Orc:1)
  A deep elf elementalist (Orc:1)
  A dire elephant (D:15)
  2 spark wasps (Spider:3)
  5 entropy weavers
  An ettin (Orc:1)
  Snorg (Lair:4)
  4 boulder beetles
  8 hydras
  2 demonspawn (Orc:2)
  2 radroaches
  An ogre mage (D:15)
  7 two-headed ogres
  2 centaur warriors (D:13)
  4 death yaks
  4 thrashing horrors (Lair:5)
  A tengu warrior (D:9)
  A shock serpent (shapeshifter) (Lair:5)
  Sonja (D:12)
  Amaemon (Lair:3)
  7 orc high priests (Orc:2)
  A sun moth (Spider:3)
  A fire crab (shapeshifter) (D:13)
  A skeletal warrior (D:13)
  6 pharaoh ants
  2 large abominations (Lair:5)
  3 steelbarb worms
  2 orb spiders (Spider:1)
  2 deep trolls (Orc:1)
  A lindwurm (Lair:5)
  A necromancer (IceCv)
  4 deep elf pyromancers
  7 orc knights
  A deep elf zephyrmancer (Orc:1)
  6 orc sorcerers
  8 cyclopes
  A wizard (D:13)
  2 manticores
  13 ugly things
  12 wolf spiders
  8 elephants (Lair:5)
  A salamander (shapeshifter) (D:10)
  3 moths of wrath
  A merfolk siren (Lair:3)
  4 black mambas
  2 torpor snails
  2 gargoyles
  An orange demon (Lair:3)
  5 cane toads
  6 rime drakes
  3 kobold demonologists
  3 komodo dragons
  A tengu conjurer (D:9)
  2 freezing wraiths (IceCv)
  7 demonic crawlers
  An anaconda simulacrum (IceCv)
  A silent spectre (Orc:1)
  2 polar bears
  6 ice devils (IceCv)
  3 nameless horrors
  7 trolls
  16 tarantellas
  6 blink frogs (Lair:5)
  2 slime creatures (D:15)
  Sigmund (D:3)
  14 jumping spiders
  10 culicivoras
  A dire elephant simulacrum (IceCv)
  A vampire (D:12)
  A ynoxinul (Lair:5)
  3 basilisks (Lair:5)
  14 yaks
  2 wraiths
  2 steam dragons
  14 humans (D:13)
  4 vampire mosquitoes (D:12)
  3 chaos spawn (Lair:5)
  55 redbacks
  2 harpy simulacra (IceCv)
  2 death yak simulacra (IceCv)
  2 wargs (Orc:1)
  An acid dragon (D:11)
  8 water moccasins
  Duvessa (D:5)
  An ice beast (D:4)
  17 orc warriors
  A sky beast (D:8)
  11 centaurs
  7 wolves
  2 ogres
  10 bullfrogs
  9 small abominations (Lair:5)
  3 kobold brigands
  2 necrophages (D:4)
  4 scorpions
  A cane toad simulacrum (IceCv)
  Dowan (D:5)
  2 wights (D:8)
  2 elephant simulacra (IceCv)
  3 killer bees (D:10)
  A howler monkey (D:11)
  6 electric eels
  A crimson imp (D:7)
  2 hounds
  Crazy Yiuf (D:2)
  10 jellies
  16 orc priests
  A gnoll bouda (D:5)
  Natasha (thrice) (D:3)
  3 iguanas
  19 orc wizards
  3 polar bear simulacra (IceCv)
  A troll simulacrum (IceCv)
  Robin (D:3)
  9 adders
  12 gnolls
  A shadow imp (D:7)
  2 white imps
  3 ufetubi
  A worm (D:2)
  2 dart slugs (D:3)
  49 orcs
  9 ball pythons
  4 bats
  8 endoplasms
  3 giant cockroaches
  15 goblins
  13 hobgoblins
  4 jackals
  20 kobolds
  2 quokkas
  8 frilled lizards
  3 rats
684 creatures vanquished.

Vanquished Creatures (collateral kills)
  Rupert (D:13)
  A deep elf elementalist (Orc:1)
  4 hydras
  A catoblepas (Lair:2)
  A death knight (D:14)
  2 death yaks
  An orc high priest (Orc:2)
  3 skeletal warriors (D:13)
  An orb spider (Spider:3)
  3 orc knights (Orc:2)
  4 ugly things
  A wolf spider (D:15)
  A manticore (Lair:3)
  A cyclops (D:15)
  A rust devil (Orc:2)
  10 elephants
  5 cane toads
  A rime drake (Lair:4)
  A kobold demonologist (D:10)
  2 komodo dragons
  A freezing wraith (IceCv)
  9 ice devils
  An ancient zyme (Lair:5)
  A polar bear (Lair:2)
  A wolf spider simulacrum (D:15)
  Grinder (D:4)
  5 blink frogs (Lair:5)
  Prince Ribbit (D:5)
  A jumping spider (Lair:3)
  A ynoxinul (Orc:2)
  3 wyverns
  A spriggan (Lair:5)
  2 wraiths
  A dire elephant simulacrum (IceCv)
  5 yaks
  A wyvern (shapeshifter) (Lair:5)
  3 basilisks
  2 humans (D:13)
  A redback (Lair:3)
  A warg (Orc:2)
  5 death yak simulacra (IceCv)
  7 water moccasins
  10 orc warriors
  4 wolves
  4 ogres
  3 centaurs
  A phantom (D:7)
  A bullfrog (Lair:2)
  A kobold brigand (D:13)
  A gnoll sergeant (D:10)
  5 small abominations (Lair:5)
  2 cane toad simulacra (IceCv)
  2 wights (D:8)
  3 killer bees (D:10)
  An elephant simulacrum (IceCv)
  2 howler monkeys (D:11)
  A nameless horror (D:7)
  7 orc priests
  A gnoll bouda (D:9)
  6 jellies (Lair:5)
  An orc wizard (Orc:2)
  A wolf simulacrum (IceCv)
  A troll simulacrum (IceCv)
  3 polar bear simulacra (IceCv)
  4 gnolls
  3 white imps (IceCv)
  14 orcs
181 creatures vanquished.

Vanquished Creatures (others)
  A harpy simulacrum (IceCv)
  2 kobolds (D:7)
  30 fungi
  83 plants
116 creatures vanquished.

Grand Total: 981 creatures vanquished

Notes
Turn   | Place    | Note
-------+----------+-------------------------------------------
     0 | D:1      | inmateoo the Gnoll Ice Elementalist began the quest for the
                  | Orb.
     0 | D:1      | Reached XP level 1. HP: 13/13 MP: 6/6
   215 | D:1      | Reached XP level 2. HP: 19/19 MP: 3/7
   215 | D:1      | Found a faded altar of an unknown god.
   749 | D:2      | Reached skill level 5 in Spellcasting
   749 | D:2      | Reached XP level 3. HP: 23/25 MP: 5/9
   924 | D:2      | Reached skill level 1 in Invocations
  1154 | D:2      | Reached skill level 1 in Fighting
  1154 | D:2      | Reached skill level 1 in Short Blades
  1154 | D:2      | Reached skill level 1 in Long Blades
  1154 | D:2      | Reached skill level 1 in Axes
  1154 | D:2      | Reached skill level 1 in Maces & Flails
  1154 | D:2      | Reached skill level 1 in Polearms
  1154 | D:2      | Reached skill level 1 in Staves
  1154 | D:2      | Reached skill level 1 in Ranged Weapons
  1154 | D:2      | Reached skill level 1 in Throwing
  1154 | D:2      | Reached skill level 1 in Armour
  1154 | D:2      | Reached skill level 1 in Shields
  1154 | D:2      | Reached skill level 1 in Unarmed Combat
  1154 | D:2      | Reached skill level 1 in Evocations
  1376 | D:2      | Reached XP level 4. HP: 31/32 MP: 8/11
  1509 | D:2      | Learned a level 3 spell: Frozen Ramparts
  1590 | D:2      | Found a runed translucent door.
  1591 | D:2      | Noticed Crazy Yiuf
  2036 | D:2      | Reached skill level 1 in Conjurations
  2036 | D:2      | Reached skill level 1 in Hexes
  2036 | D:2      | Reached skill level 1 in Summonings
  2036 | D:2      | Reached skill level 1 in Necromancy
  2036 | D:2      | Reached skill level 1 in Translocations
  2036 | D:2      | Reached skill level 1 in Transmutations
  2036 | D:2      | Reached skill level 1 in Fire Magic
  2036 | D:2      | Reached skill level 1 in Air Magic
  2036 | D:2      | Reached skill level 1 in Earth Magic
  2036 | D:2      | Reached skill level 1 in Poison Magic
  2101 | D:2      | Killed Crazy Yiuf
  2240 | D:3      | Noticed Robin
  2241 | D:3      | Reached XP level 5. HP: 36/37 MP: 8/12
  2246 | D:3      | Noticed Sigmund
  2249 | D:3      | Killed Robin
  2263 | D:3      | Killed Sigmund
  2264 | D:3      | Reached skill level 5 in Dodging
  2264 | D:3      | Reached XP level 6. HP: 14/44 MP: 4/14
  2509 | D:3      | Learned a level 4 spell: Summon Lightning Spire
  2539 | D:3      | Found a shimmering altar of Xom.
  2681 | D:3      | Noticed Natasha
  2686 | D:3      | Killed Natasha
  2789 | D:3      | Found an iron altar of Okawaru.
  2870 | D:3      | Noticed Natasha
  2882 | D:3      | Killed Natasha
  2921 | D:3      | Found a runed translucent gate.
  2921 | D:3      | Noticed Regnix's ghost (amateur DECj)
  2922 | D:3      | Found a runed translucent gate.
  2924 | D:3      | Found a runed translucent gate.
  2924 | D:3      | Noticed Galthrax's ghost (amateur KoHu)
  2925 | D:3      | Noticed Dominolapin's ghost (amateur DjVM)
  2925 | D:3      | Noticed ILmort's ghost (amateur TrMo)
  2926 | D:3      | Noticed Camille's ghost (amateur BaIE)
  3010 | D:3      | Noticed Natasha
  3015 | D:3      | Found a radiant altar of Vehumet.
  3019 | D:3      | Killed Natasha
  3020 | D:3      | Reached XP level 7. HP: 42/50 MP: 10/15
  3538 | D:4      | Noticed Grinder
  3554 | D:4      | Paralysed by Grinder for 5 turns
  3831 | D:4      | Found a staircase to the Ecumenical Temple.
  3902 | Temple   | Entered the Ecumenical Temple
  4107 | Temple   | Became a worshipper of Gozag Ym Sagoz the Greedy
  4526 | D:4      | Found a runed translucent gate.
  4529 | D:4      | Found a runed translucent gate.
  4530 | D:4      | Noticed qborf's ghost (amateur MeHW)
  4531 | D:4      | Found a runed translucent gate.
  4591 | D:4      | Reached skill level 5 in Stealth
  4607 | D:4      | Learned a level 3 spell: Ozocubu's Armour
  4757 | D:4      | Paralysed by Grinder for 5 turns
  4761 | D:4      | Killed Grinder
  4762 | D:4      | Reached XP level 8. HP: 55/58 MP: 9/16
  4893 | D:4      | Found a stormy altar of Qazlal.
  5312 | D:5      | Entered Level 5 of the Dungeon
  5597 | D:5      | Noticed Dowan
  5597 | D:5      | Noticed Duvessa
  5624 | D:5      | Killed Duvessa
  5627 | D:5      | Killed Dowan
  6133 | D:5      | Noticed Prince Ribbit
  6146 | D:5      | Killed Prince Ribbit
  6147 | D:5      | Reached XP level 9. HP: 49/65 MP: 7/18
  6337 | D:5      | Found a white marble altar of Elyvilon.
  7799 | D:7      | Reached skill level 5 in Invocations
  7863 | D:7      | Found a transporter.
  7864 | D:7      | Noticed TrebMcFLY's ghost (novice FoFi)
  7939 | D:7      | Found a transporter.
  7945 | D:7      | Noticed a hornet
  7945 | D:7      | Noticed a moth of wrath
  8115 | D:7      | Noticed a nameless horror
  8130 | D:7      | Killed a nameless horror
  8777 | D:7      | Found a burning altar of Makhleb.
  9389 | D:8      | Reached skill level 5 in Fighting
  9389 | D:8      | Reached skill level 5 in Short Blades
  9389 | D:8      | Reached skill level 5 in Long Blades
  9389 | D:8      | Reached skill level 5 in Axes
  9389 | D:8      | Reached skill level 5 in Maces & Flails
  9389 | D:8      | Reached skill level 5 in Polearms
  9389 | D:8      | Reached skill level 5 in Staves
  9389 | D:8      | Reached skill level 5 in Ranged Weapons
  9389 | D:8      | Reached skill level 5 in Throwing
  9389 | D:8      | Reached skill level 5 in Armour
  9389 | D:8      | Reached skill level 5 in Shields
  9389 | D:8      | Reached skill level 5 in Unarmed Combat
  9389 | D:8      | Reached skill level 5 in Evocations
  9389 | D:8      | Reached XP level 10. HP: 74/74 MP: 20/20
  9838 | D:8      | Found a hide-covered altar of Uskayaw.
 10175 | D:8      | Found a staircase to the Lair.
 10949 | D:9      | Found a snail-covered altar of Cheibriados.
 10953 | D:9      | Noticed a tengu warrior
 10965 | D:9      | Killed a tengu warrior
 11080 | D:9      | Found a bloodstained altar of Trog.
 11253 | D:10     | Entered Level 10 of the Dungeon
 11261 | D:10     | Noticed a kobold demonologist
 11268 | D:10     | Noticed a kobold demonologist
 11270 | D:10     | Noticed a soul eater
 11271 | D:10     | Reached skill level 5 in Conjurations
 11271 | D:10     | Reached skill level 5 in Hexes
 11271 | D:10     | Reached skill level 5 in Summonings
 11271 | D:10     | Reached skill level 5 in Necromancy
 11271 | D:10     | Reached skill level 5 in Translocations
 11271 | D:10     | Reached skill level 5 in Transmutations
 11271 | D:10     | Reached skill level 5 in Fire Magic
 11271 | D:10     | Reached skill level 5 in Air Magic
 11271 | D:10     | Reached skill level 5 in Earth Magic
 11271 | D:10     | Reached skill level 5 in Poison Magic
 11279 | D:10     | Noticed a soul eater
 11284 | D:10     | Killed a kobold demonologist
 11285 | D:10     | Reached XP level 11. HP: 48/81 MP: 12/23
 11546 | D:10     | Noticed a salamander
 11546 | D:10     | a meliai changed into a salamander
 11554 | D:10     | Killed a salamander
 11756 | D:10     | Found a staircase to the Orcish Mines.
 12768 | D:11     | Learned a level 5 spell: Lightning Bolt
 12931 | D:11     | Found a frozen archway.
 13059 | IceCv    | Entered an ice cave
 13438 | IceCv    | Noticed a white ugly thing
 13448 | IceCv    | Killed a cyan ugly thing
 13885 | IceCv    | Reached XP level 12. HP: 91/91 MP: 12/24
 14495 | IceCv    | Found an ancient bone altar of Kikubaaqudgha.
 16363 | D:11     | Noticed a boulder beetle
 16374 | D:11     | Killed a boulder beetle
 16687 | D:11     | Noticed an eight-headed hydra
 16763 | D:11     | Killed an eight-headed hydra
 17089 | D:11     | Noticed a boulder beetle
 17136 | D:11     | Killed a boulder beetle
 17227 | D:11     | Learned a level 5 spell: Borgnjor's Vile Clutch
 17458 | D:12     | Noticed Sonja
 17461 | D:12     | Killed Sonja
 17544 | D:12     | Identified the +9 dagger of the Apocalypse {vamp, Dex+5}
 18077 | D:12     | Reached XP level 13. HP: 98/98 MP: 4/26
 18246 | D:12     | Learned a level 5 spell: Freezing Cloud
 18322 | D:13     | Noticed Rupert
 18322 | D:13     | Found a gate to the Vaults.
 18322 | D:13     | You fall into a shaft and drop 1 floor!
 18346 | D:14     | Found a shimmering blue altar of Sif Muna.
 18360 | D:14     | Reached skill level 10 in Ice Magic
 18874 | D:14     | Found Tistrodwo's Distillery.
 18877 | D:14     | Bought a potion of might for 48 gold pieces
 18877 | D:14     | Bought a potion of resistance for 120 gold pieces
 18877 | D:14     | Bought a potion of cancellation for 96 gold pieces
 18877 | D:14     | Bought a potion of curing for 36 gold pieces
 18877 | D:14     | Bought a potion of magic for 96 gold pieces
 18877 | D:14     | Bought a potion of degeneration for 12 gold pieces
 19008 | D:14     | Reached skill level 10 in Spellcasting
 19111 | D:14     | Identified the +8 mace of the Boiling Point {pain, rF+
                  | Str+4}
 19963 | Lair:1   | Entered Level 1 of the Lair of Beasts
 19964 | Lair:1   | Upgraded the game from 0.29.0-7-g18a832c13a to
                  | 0.29.0-10-g45618ea6d2
 20740 | Lair:1   | Found a hazy altar of Hepliaklqana.
 20890 | Lair:1   | Reached skill level 10 in Dodging
 21594 | Lair:2   | Reached skill level 10 in Stealth
 22438 | Lair:3   | Found a hole to the Spider Nest.
 22691 | Lair:3   | Noticed Nessos
 22696 | Lair:3   | Noticed Nessos
 22696 | Lair:3   | Nessos changed into Nessos the manticore
 22698 | Lair:3   | Killed Nessos the manticore
 22699 | Lair:3   | Reached skill level 10 in Invocations
 22699 | Lair:3   | Reached XP level 14. HP: 63/108 MP: 3/28
 23167 | Lair:3   | Noticed Amaemon
 23174 | Lair:3   | Killed Amaemon
 23477 | Lair:3   | Found a staircase to the Shoals.
 23820 | Lair:4   | Noticed Snorg
 23829 | Lair:4   | Killed Snorg
 25004 | Lair:5   | Entered Level 5 of the Lair of Beasts
 25750 | Lair:5   | Found a staircase to the Slime Pits.
 25860 | Lair:5   | Reached skill level 10 in Fighting
 25860 | Lair:5   | Reached skill level 10 in Short Blades
 25860 | Lair:5   | Reached skill level 10 in Long Blades
 25860 | Lair:5   | Reached skill level 10 in Axes
 25860 | Lair:5   | Reached skill level 10 in Maces & Flails
 25860 | Lair:5   | Reached skill level 10 in Polearms
 25860 | Lair:5   | Reached skill level 10 in Staves
 25860 | Lair:5   | Reached skill level 10 in Ranged Weapons
 25860 | Lair:5   | Reached skill level 10 in Throwing
 25860 | Lair:5   | Reached skill level 10 in Armour
 25860 | Lair:5   | Reached skill level 10 in Shields
 25860 | Lair:5   | Reached skill level 10 in Unarmed Combat
 25860 | Lair:5   | Reached skill level 10 in Evocations
 26234 | Lair:5   | Reached XP level 15. HP: 113/115 MP: 19/30
 27979 | Lair:5   | Found a corrupted altar of Lugonu.
 27979 | Lair:5   | Found a one-way gate to the infinite horrors of the Abyss.
 28776 | D:13     | Identified a scroll of acquirement
 28776 | D:13     | Acquired 941 gold pieces
 29026 | D:13     | Paralysed by Rupert for 2 turns
 29032 | D:13     | Killed Rupert
 29267 | D:13     | Found a broken altar of Ashenzari.
 29567 | D:15     | Entered Level 15 of the Dungeon
 30503 | D:15     | Found a staircase to the Depths.
 30861 | Orc:1    | Entered Level 1 of the Orcish Mines
 31020 | Orc:2    | Entered Level 2 of the Orcish Mines
 31952 | Orc:2    | Found a staircase to the Elven Halls.
 32008 | Orc:2    | Found Fam Jull's General Store.
 32014 | Orc:2    | Found Asaes's General Store.
 32192 | Orc:2    | Bought a potion of curing for 45 gold pieces
 32192 | Orc:2    | Bought a potion of curing for 45 gold pieces
 32194 | Orc:2    | Bought a scroll of blinking for 82 gold pieces
 32194 | Orc:2    | Bought a scroll of enchant armour for 82 gold pieces
 32194 | Orc:2    | Bought a scroll of magic mapping for 82 gold pieces
 32216 | Orc:2    | Reached XP level 16. HP: 115/124 MP: 25/32
 32454 | Orc:2    | Paralysed by an orc sorcerer for 5 turns
 32698 | Orc:2    | Found Nouczekh's Jewellery Boutique.
 32698 | Orc:2    | Found Yppoz's Antique Weapon Shop.
 32698 | Orc:2    | Found a one-way gate leading to the halls of Pandemonium.
 33527 | Orc:1    | You fall into a shaft and drop 1 floor!
 33613 | Orc:1    | Found a transporter.
 33830 | Orc:1    | Found a bloodstained altar of Trog.
 33830 | Orc:1    | Found the necklace of Bloodlust {*Rage Will++ Int-3 Slay+6}
 33887 | Orc:1    | Found a transporter.
 33919 | Orc:1    | Found a runed translucent door.
 33950 | Orc:1    | Identified the +8 chain mail of Nitraotrith {Fly}
 34903 | Orc:2    | Learned a level 6 spell: Statue Form
 35112 | Spider:1 | Entered Level 1 of the Spider Nest
 37094 | Spider:2 | Reached XP level 17. HP: 133/133 MP: 33/33
 37855 | Spider:2 | Reached skill level 10 in Conjurations
 37855 | Spider:2 | Reached skill level 10 in Hexes
 37855 | Spider:2 | Reached skill level 10 in Summonings
 37855 | Spider:2 | Reached skill level 10 in Necromancy
 37855 | Spider:2 | Reached skill level 10 in Translocations
 37855 | Spider:2 | Reached skill level 10 in Transmutations
 37855 | Spider:2 | Reached skill level 10 in Fire Magic
 37855 | Spider:2 | Reached skill level 10 in Air Magic
 37855 | Spider:2 | Reached skill level 10 in Earth Magic
 37855 | Spider:2 | Reached skill level 10 in Poison Magic
 38521 | Spider:3 | Upgraded the game from 0.29.0-10-g45618ea6d2 to
                  | 0.29.0-11-gd7f09526c8
 40339 | Spider:4 | Entered Level 4 of the Spider Nest
 40370 | Spider:3 | Slain by an emperor scorpion simulacrum

Illustrated notes

Levels and vault maps discovered:
D:1:      dpeg_arrival_circle_labyrinth_a, layout_basic, basic_ecumenical_altar
D:2:      kennysheep_six_static_rooms, layout_loops_ring,
          uniq_crazy_yiuf_cottage
D:3:      layout_loops_ring, nicolae_vehumet_altar_sigil, lemuel_round_altar,
          lemuel_coloured_pillars_altar, gammafunk_ghost_cemetery, uniq_natasha,
          uniq_sigmund, uniq_robin
D:4:      layout_loops_ring, grunt_qazlal_sundering,
          minmay_temple_entry_poolview, gammafunk_ghost_nasty_kobolds,
          minmay_bisected, uniq_grinder
D:5:      layout_cave_pods, nicolae_elyvilon_peaceful_grove, uniq_duvessa,
          uniq_prince_ribbit1
D:6:      layout_basic
D:7:      layout_basic, makhleb_grotto_becter,
          gammafunk_ghost_berserking_beasts, lemuel_old_faithful
D:8:      layout_basic, old_standard_altar, david_lair_shrubbed,
          serial_corexii_hall, corexii_hall_statues_l, corexii_hall_statues_t,
          corexii_hall_statues_x
D:9:      layout_irregular_city, grunt_temple_overflow_open
D:10:     layout_roguey, minmay_orc_entry_temple_small,
          nicolae_elevator_lobby_asterisk
D:11:     layout_basic, portal_ice_cave_rime
D:12:     layout_roguey, uniq_sonja
D:13:     layout_rooms, david_vaults_3, ashenzari_conservatory_becter
D:14:     layout_basic, nicolae_sif_muna_condensation, serial_shops,
          nicolae_shop_behind_doors
D:15:     hangedman_depths_entry_try_elsewhere_first, layout_irregular_city
Temple:   nicolae_temple_bog_church
Lair:1:   layout_regular_city, basic_altar, wad_woods_road_03
Lair:2:   layout_cellular_growth
Lair:3:   layout_loops_ring, elwin_shoals_entry_rooms, spider_nest_entry_a,
          nicolae_quartered_pool_super, serial_bayou_pond_a, uniq_nessos,
          uniq_amaemon
Lair:4:   layout_gridlike, grunt_megastairs_1, uniq_snorg
Lair:5:   hellmonk_lair_end_abyssal_woods, layout_cave_pods,
          minmay_slime_entry_jelly_boxes, serial_bayou_shore_a,
          serial_bayou_shore_b, serial_bayou_shore_b
Spider:1: layout_chambers
Spider:2: layout_spider_delve, hellmonk_test_site
Spider:3: nicolae_spider_hilbert_zone_6 [nicolae_spider_hilbert_4_sides_1_open,
          nicolae_spider_hilbert_4_sides_1_open,
          nicolae_spider_hilbert_4_sides_1_open,
          nicolae_spider_hilbert_4_sides_1_open,
          nicolae_spider_hilbert_4_sides_1_open,
          nicolae_spider_hilbert_4_sides_1_open,
          nicolae_spider_hilbert_4_sides_1_open]
Spider:4: grunt_spider_rune_circles, nicolae_spider_paper_wasps
Orc:1:    emtedronai_trogs_sanctum, layout_caves
Orc:2:    pf_orc_diabolical, layout_caves

Skill      XL: |  1  2  3  4  5  6  7  8  9 10 11 12 13 14 15 16 17 |
---------------+----------------------------------------------------+-----
Spellcasting   | 5 6 7 8 9 10 11 12 13 | 13.1
Invocations    | 1 2 3 4 5 6 7 8 10 11 12 13 | 13.2
Fighting       | 1 2 3 4 5 6 7 8 9 10 11 12 | 12.2
Short Blades   | 1 2 3 4 5 6 7 8 9 10 11 12 | 12.2
Long Blades    | 1 2 3 4 5 6 7 8 9 10 11 12 | 12.2
Axes           | 1 2 3 4 5 6 7 8 9 10 11 12 | 12.2
Maces & Flails | 1 2 3 4 5 6 7 8 9 10 11 12 | 12.2
Polearms       | 1 2 3 4 5 6 7 8 9 10 11 12 | 12.2
Staves         | 1 2 3 4 5 6 7 8 9 10 11 12 | 12.2
Ranged Weapons | 1 2 3 4 5 6 7 8 9 10 11 12 | 12.2
Throwing       | 1 2 3 4 5 6 7 8 9 10 11 12 | 12.2
Armour         | 1 2 3 4 5 6 7 8 9 10 12 | 12.9
Shields        | 1 2 3 4 5 6 7 8 9 10 11 12 | 12.2
Unarmed Combat | 1 2 3 4 5 6 7 8 9 10 11 12 | 12.2
Evocations     | 1 2 3 4 5 6 7 8 9 10 11 12 | 12.2
Conjurations   | 1 2 3 4 5 6 7 8 9 10 | 10.3
Hexes          | 1 2 3 4 5 6 7 8 9 10 | 10.3
Summonings     | 1 2 3 4 5 6 7 8 9 10 | 10.3
Necromancy     | 1 2 3 4 5 6 7 8 9 10 | 10.3
Translocations | 1 2 3 4 5 6 7 8 9 10 | 10.3
Transmutations | 1 2 3 4 5 6 7 8 9 10 | 10.3
Fire Magic     | 1 2 3 4 5 6 7 8 9 10 | 10.3
Air Magic      | 1 2 3 4 5 6 7 8 9 10 | 10.3
Earth Magic    | 1 2 3 4 5 6 7 8 9 10 | 10.3
Poison Magic   | 1 2 3 4 5 6 7 8 9 10 | 10.3
Dodging        | 5 6 7 8 9 10 11 12 13 | 13.0
Stealth        | 5 6 7 8 9 10 11 12 | 12.8
Ice Magic      | 8 9 10 11 12 | 12.4

Action                   |  1- 3 |  4- 6 |  7- 9 | 10-12 | 13-15 | 16-18 || total
-------------------------+-------+-------+-------+-------+-------+-------++-------
Melee: Unarmed           |    19 |     3 |       |       |       |   437 ||   459
       Bite              |     2 |     2 |    33 |    27 |    30 |   104 ||   198
       Quarterstaff      |       |    52 |    39 |       |       |       ||    91
       Whip              |       |       |   142 |       |       |       ||   142
       Punch             |       |       |     1 |       |       |       ||     1
       Dagger            |       |       |    31 |   139 |    28 |    20 ||   218
       Staff             |       |       |       |    32 |       |       ||    32
       Mace              |       |       |       |       |   172 |    66 ||   238
Throw: Dart              |     1 |     3 |    14 |    32 |       |       ||    50
 Cast: Freeze            |    44 |    39 |    59 |    66 |     7 |       ||   215
       Frozen Ramparts   |       |     2 |    19 |    23 |       |       ||    44
       Summon Lightning  |       |       |    11 |    56 |   104 |    23 ||   194
       Ozocubu's Armour  |       |       |     4 |    10 |     3 |       ||    17
       Lightning Bolt    |       |       |       |   111 |    23 |     9 ||   143
       Borgnjor's Vile C |       |       |       |     6 |   127 |    25 ||   158
       Freezing Cloud    |       |       |       |       |    92 |    40 ||   132
       Statue Form       |       |       |       |       |       |    44 ||    44
Evoke: Wand              |       |       |       |     7 |     6 |       ||    13
       Box of beasts     |       |       |       |       |       |     1 ||     1
       Condenser vane    |       |       |       |       |       |     1 ||     1
  Use: Scroll            |       |       |    11 |    12 |     4 |     2 ||    29
       Potion            |       |       |       |       |       |    10 ||    10
 Stab: Sleeping          |       |     5 |    16 |     5 |     2 |     2 ||    30
       Distracted        |       |       |     3 |     6 |     5 |     7 ||    21
       Invisible         |       |       |       |       |       |     3 ||     3
Armor: Robe              |     9 |    37 |    78 |   110 |    60 |    42 ||   336
       Skin              |       |       |       |       |       |   452 ||   452
Dodge: Dodged            |    33 |    71 |   155 |   231 |   166 |   569 ||  1225
Block: Buckler           |       |       |    40 |    91 |    83 |   241 ||   455
